 Dungeon Crawl Stone Soup version 0.16.2-12-gd0ad4c3 (webtiles) character file.

42849 faibistes the Eclecticist (level 13, -4/77 HPs)
             Began as a Deep Elf Wizard on Feb 13, 2019.
             Was the Champion of Sif Muna.
             Slain by a spiny frog (12 damage)
             ... on level 8 of the Lair of Beasts.
             The game lasted 01:14:45 (25107 turns).

faibistes the Eclecticist (Deep Elf Wizard)        Turns: 25107, Time: 01:14:46

Health: -4/77      AC:  8    Str:  4    XL:     13   Next: 87%
Magic:  12/46      EV: 17    Int: 32    God:    Sif Muna [******]
Gold:   931        SH:  0    Dex: 13    Spells: 10 memorised, 10 levels left

rFire  + . .     SeeInvis .     w - staff of air
rCold  + . .     Clarity  .     v - +2 robe {rC+ rF+}
rNeg   . . .     SustAb   .     (no shield)
rPois  +         Gourm    .     S - +1 hat {Int+3}
rElec  +         Spirit   .     l - +1 cloak {rPois}
rCorr  +         Warding  .     (no gloves)
rMut   .         Stasis   .     V - +0 pair of boots (curse)
MR     +....                    F - amulet of resist corrosion
Stlth  ++........               o - ring of magical power
                                U - ring of wizardry

@: repel missiles, somewhat resistant to hostile enchantments, unstealthy
A: no striking features
a: Channel Energy, Forget Spell, Renounce Religion


You were on level 8 of the Lair of Beasts.
You worshipped Sif Muna.
Sif Muna was exalted by your worship.
You were very hungry.

You visited 3 branches of the dungeon, and saw 18 of its levels.
You also visited: Sewer.

You collected 931 gold pieces.

Inventory:

Hand weapons
 C - a +4 short sword of draining
Armour
 l - a +1 cloak of poison resistance (worn)
 v - a +2 robe of resistance (worn)
 K - the -1 cloak of Nihilism {rN++}
   (You found it on level 4 of the Lair of Beasts)

   It greatly protects you from negative energy.
 S - a +1 hat of intelligence (worn)
 V - a cursed +0 pair of boots (worn)
Magical staves
 c - an uncursed staff of death
 w - an uncursed staff of air (weapon)
Jewellery
 o - a ring of magical power (right hand)
 t - an uncursed ring of ice
 B - an uncursed ring of protection from cold
 F - an amulet of resist corrosion (around neck)
 G - a +5 ring of protection
 O - an uncursed ring of protection from fire
 P - an uncursed amulet of resist mutation
 U - a ring of wizardry (left hand)
Magical devices
 a - a wand of digging (21)
 i - a wand of teleportation (5)
 y - a wand of magic darts (48)
 I - a wand of fire (10)
 M - a wand of random effects (5)
 N - a wand of enslavement (17)
 R - a wand of polymorph (8)
 W - a wand of confusion (41)
Scrolls
 b - a scroll of torment
 e - a scroll of fear
 g - 3 scrolls of magic mapping
 q - 8 scrolls of remove curse
 z - a scroll of amnesia
 A - a scroll of immolation
 E - 7 scrolls of teleportation
 X - a scroll of fog
Potions
 f - 3 potions of heal wounds
 j - a potion of brilliance
 n - a potion of invisibility
 r - 4 potions of restore abilities
 s - 3 potions of curing
 u - 2 potions of agility
 x - 4 potions of ambrosia
 H - 2 potions of might
 J - 2 potions of haste
 L - a potion of lignification
 Q - a potion of magic
Books
 m - Sif Muna's Incunabulum of Igneous Attacks
   (Sif Muna gifted it to you on level 5 of the Lair of Beasts)

   Spells                             Type                      Level
   a - Flame Tongue                   Conjuration/Fire             1
   b - Throw Flame                    Conjuration/Fire             2
   c - Conjure Flame                  Conjuration/Fire             3
   d - Bolt of Fire                   Conjuration/Fire             6
   e - Delayed Fireball               Conjuration/Fire             7
Comestibles
 d - 11 bread rations
 h - 4 beef jerkies
 k - 18 fruits
 p - 5 meat rations
 D - 11 slices of pizza
 T - a royal jelly


   Skills:
 + Level 7.6 Fighting
 + Level 9.3 Dodging
 - Level 2.4 Stealth
 * Level 15.0 Spellcasting
 * Level 8.6 Conjurations
 - Level 7.0 Charms
 - Level 1.1 Summonings
 - Level 7.0 Translocations
 * Level 8.5 Fire Magic
 - Level 5.1 Air Magic
 - Level 2.1 Poison Magic
 * Level 8.4 Invocations
 + Level 8.8 Evocations


You had 10 spell levels left.
You knew the following spells:

 Your Spells              Type           Power        Failure   Level  Hunger
a - Magic Dart            Conj           ####         1%          1    None
b - Conjure Flame         Conj/Fire      ######..     1%          3    None
c - Iskenderun's Battles  Conj/Chrm      ######..     1%          5    None
d - Blink                 Tloc           N/A          1%          2    None
e - Mephitic Cloud        Conj/Pois/Air  ######..     1%          3    None
f - Repel Missiles        Chrm/Air       ######       1%          2    None
g - Call Imp              Summ           ####....     1%          2    None
v - Bolt of Fire          Conj/Fire      ######....   4%          6    ###....
x - Static Discharge      Conj/Air       #######.     1%          3    None
z - Fireball              Conj/Fire      ######....   1%          5    None


Dungeon Overview and Level Annotations

Branches:
Dungeon (9/15)             Temple (1/1) D:7            Lair (8/8) D:8
  Swamp (0/5) Lair:4        Snake (0/5) Lair:3        Slime (0/6) Lair:6
    Orc: D:9-12

Altars:
Ashenzari
Cheibriados
Dithmenos
Elyvilon
Fedhas
Gozag
Kikubaaqudgha
Makhleb
Nemelex Xobeh
Okawaru
Qazlal
Ru
Sif Muna
Trog
Vehumet
Xom
Yredelemnul
Zin
The Shining One
Jiyva


Message History

The blink frog is almost dead.
The lightning arcs!
The vampire mosquito is struck by lightning.
The vampire mosquito is almost destroyed.
The lightning arcs!
The plant is struck by lightning.
The plant is almost destroyed.
The lightning grounds out.
The vampire mosquito is struck by lightning.
You destroy the vampire mosquito!
The lightning arcs!
You are struck by lightning.
You resist.
The lightning arcs!
The blink frog is struck by lightning.
You kill the blink frog!
Your Spellcasting skill increases to level 15!
The lightning arcs!
The plant is struck by lightning.
You destroy the plant!
The lightning grounds out.
The blink frog blinks!
The spiny frog stings you!
* * * LOW HITPOINT WARNING * * *
The blink frog blinks!
The spiny frog stings you!
You die... ... # ##P.... #.##....... ....#PP...... #.P............ #...........!..
P..............
PP...............

P.......@........
.P...§§†FF.......
.≈≈.§≈§..F.P...
.≈.≈.≈.†......≈
≈≈≈≈;..P....P..
P≈≈≈≈≈≈≈≈≈P.≈
≈≈≈≈.≈§≈≈≈≈
FFF≈≈≈≈≈≈ ≈≈≈


You could see 3 spiny frogs, 2 blink frogs, a giant frog and an electric eel.

Vanquished Creatures
  Gastronok (Lair:1)
  Harold (Lair:3)
  5 hydras
  Erica (Lair:5)
  A lindwurm (Lair:4)
  2 griffons
  2 black mambas
  8 elephants (Lair:5)
  A torpor snail (Lair:5)
  18 spiny frogs
  A queen ant (Lair:6)
  4 komodo dragons
  A giant leech (Lair:8)
  Grinder (D:5)
  25 blink frogs
  Prince Ribbit (Lair:1)
  2 boulder beetles (Lair:7)
  2 basilisks
  33 yaks
  A hungry ghost (D:5)
  2 wyverns
  A steam dragon (Lair:6)
  5 hippogriffs
  Grum (D:8)
  3 vampire mosquitoes
  Edmund (D:4)
  12 water moccasins
  10 soldier ants (Lair:6)
  19 wolves
  2 ice beasts
  4 phantoms
  2 orc warriors
  2 sky beasts
  6 ogres
  11 porcupines
  4 centaurs
  A boring beetle (Lair:4)
  15 crocodiles
  Duvessa (D:5)
  2 big kobolds
  14 giant frogs
  Blork the orc (D:7)
  5 scorpions
  8 wights
  3 killer bees (D:7)
  A goliath beetle (D:5)
  Dowan (D:5)
  3 crimson imps
  2 quasits
  2 electric eels
  A centaur skeleton (D:6)
  Crazy Yiuf (D:3)
  A giant frog skeleton (D:5)
  11 hounds
  16 iguanas
  25 worker ants
  A centaur zombie (D:6)
  5 orc wizards
  3 orc priests
  4 hell rats (Lair:5)
  13 sheep
  Jessica (D:3)
  2 hound skeletons
  A worker ant zombie (D:5)
  12 adders
  45 river rats
  2 giant mites
  3 worms
  An adder skeleton (D:8)
  5 giant geckos
  2 oozes
  30 orcs
  16 bats
  A bat skeleton (D:5)
  A bat zombie (D:5)
  11 giant cockroaches
  10 hobgoblins
  14 jackals
  29 kobolds
  12 quokkas
  5 ball pythons
  A giant gecko skeleton (D:6)
  A giant gecko zombie (D:6)
  3 giant newts
  2 giant spores
  14 goblins
  32 rats
  A ballistomycete (D:6)
  2 fungi
  9 plants
604 creatures vanquished.

Vanquished Creatures (collateral kills)
  A big kobold (Sewer)
  2 river rats
  A ball python (D:1)
  A hobgoblin (D:1)
  3 jackals (D:1)
  A ball python skeleton (D:4)
  A giant newt (D:1)
  2 kobolds (Sewer)
  2 rats (Sewer)
14 creatures vanquished.

Vanquished Creatures (others)
  A yak (Lair:2)
  3 crimson imps
  A goblin (D:1)
  8 fungi
  3 plants (Lair:6)
16 creatures vanquished.

Grand Total: 634 creatures vanquished

Notes
Turn   | Place    | Note
--------------------------------------------------------------
     0 | D:1      | faibistes, the Deep Elf Wizard, began the quest for the Orb.
     0 | D:1      | Reached XP level 1. HP: 10/10 MP: 6/6
   378 | D:1      | Reached XP level 2. HP: 15/15 MP: 5/10
   439 | D:1      | Learned a level 2 spell: Blink
   442 | D:1      | Learned a level 2 spell: Call Imp
   602 | D:1      | Reached skill level 5 in Spellcasting
  1254 | D:4      | Reached XP level 3. HP: 19/19 MP: 10/14
  1262 | D:4      | Learned a level 3 spell: Conjure Flame
  1266 | D:4      | Learned a level 3 spell: Mephitic Cloud
  1527 | D:4      | Found a glowing drain.
  1559 | Sewer    | Entered a sewer
  1670 | Sewer    | Noticed a big kobold
  1671 | Sewer    | Reached XP level 4. HP: 24/24 MP: 9/17
  1712 | Sewer    | Killed a big kobold
  1717 | Sewer    | Learned a level 2 spell: Repel Missiles
  1893 | Sewer    | Found a white marble altar of Elyvilon.
  2440 | D:3      | Reached skill level 6 in Spellcasting
  2440 | D:3      | Reached XP level 5. HP: 22/28 MP: 13/20
  3766 | D:3      | Noticed Jessica
  3767 | D:3      | Killed Jessica
  3833 | D:3      | Noticed Crazy Yiuf
  3842 | D:3      | Killed Crazy Yiuf
  3842 | D:3      | Reached XP level 6. HP: 32/32 MP: 11/22
  4602 | D:4      | Reached skill level 7 in Spellcasting
  4704 | D:5      | Entered Level 5 of the Dungeon
  4709 | D:5      | Found a shattered altar of Ashenzari.
  4715 | D:5      | Noticed Edmund
  4715 | D:5      | Reached skill level 1 in Fighting
  4715 | D:5      | Reached skill level 1 in Evocations
  5179 | D:4      | Killed Edmund
  5179 | D:4      | Reached XP level 7. HP: 35/38 MP: 3/25
  6051 | D:6      | Reached skill level 8 in Spellcasting
  6952 | D:4      | Reached XP level 8. HP: 45/45 MP: 20/27
  7480 | D:5      | Noticed Dowan
  7500 | D:5      | Noticed Duvessa
  7527 | D:5      | Killed Duvessa
  7527 | D:5      | Reached skill level 5 in Dodging
  7553 | D:5      | Killed Dowan
  7666 | D:5      | Reached skill level 9 in Spellcasting
  7846 | D:5      | Noticed Grinder
  7853 | D:5      | Killed Grinder
  8020 | D:6      | Reached skill level 10 in Spellcasting
  8391 | D:5      | Reached XP level 9. HP: 52/52 MP: 24/30
  8566 | D:5      | Learned a level 3 spell: Static Discharge
  8911 | D:7      | Reached skill level 5 in Evocations
  8916 | D:7      | Reached skill level 5 in Fighting
  9048 | D:8      | Reached skill level 11 in Spellcasting
 10124 | D:7      | Found a staircase to the Ecumenical Temple.
 10129 | D:7      | Noticed Blork the orc
 10135 | Temple   | Entered the Ecumenical Temple
 10192 | Temple   | Became a worshipper of Sif Muna the Loreminder
 10246 | D:7      | Killed Blork the orc
 10259 | D:7      | Reached skill level 1 in Fire Magic
 10871 | D:7      | Reached XP level 10. HP: 60/60 MP: 32/32
 11414 | D:9      | Reached skill level 1 in Air Magic
 11504 | D:8      | Noticed Grum
 11518 | D:8      | Killed Grum
 11518 | D:8      | Acquired Sif Muna's first power
 11518 | D:8      | Reached skill level 1 in Poison Magic
 11529 | D:8      | Reached skill level 12 in Spellcasting
 11674 | D:8      | Reached skill level 1 in Invocations
 11988 | D:8      | Found a staircase to the Lair.
 12060 | D:8      | Reached skill level 1 in Charms
 12576 | Lair:1   | Entered Level 1 of the Lair of Beasts
 12616 | Lair:1   | Learned a level 5 spell: Fireball
 12630 | Lair:1   | Found a deep blue altar of Sif Muna.
 12672 | Lair:1   | Noticed Gastronok
 12699 | Lair:1   | Killed Gastronok
 12699 | Lair:1   | Acquired Sif Muna's second power
 13037 | Lair:1   | Got a shimmering ruby amulet
 13039 | Lair:1   | Lost strength.
 13039 | Lair:1   | Identified the amulet "Yruelak" {Ward rElec rF++ rC+ rN+ Str-4 Dex+3} (You found it on level 1 of the Lair of Beasts)
 13401 | Lair:1   | Reached XP level 11. HP: 54/64 MP: 31/34
 13495 | Lair:1   | Noticed Prince Ribbit
 13537 | Lair:1   | Killed Prince Ribbit
 14525 | Lair:2   | Reached skill level 5 in Conjurations
 14797 | Lair:2   | Identified Vehumet's Collected Works on Conjuration
 14874 | Lair:2   | Learned a level 5 spell: Iskenderun's Battlesphere
 14881 | Lair:2   | Learned a level 6 spell: Bolt of Fire
 15441 | Lair:2   | Reached skill level 13 in Spellcasting
 15865 | Lair:3   | Reached skill level 5 in Fire Magic
 16679 | Lair:2   | Reached skill level 5 in Invocations
 16851 | Lair:3   | Noticed an eight-headed hydra
 16868 | Lair:3   | Killed an eight-headed hydra
 16868 | Lair:3   | Acquired Sif Muna's third power
 16868 | Lair:3   | Reached skill level 5 in Air Magic
 16870 | Lair:3   | Reached XP level 12. HP: 21/71 MP: 16/35
 17212 | Lair:3   | Reached skill level 5 in Translocations
 17358 | Lair:3   | Found a staircase to the Snake Pit.
 17447 | Lair:4   | Reached skill level 5 in Charms
 17783 | Lair:3   | Noticed Harold
 17794 | Lair:3   | Killed Harold
 18807 | Lair:4   | Found a staircase to the Swamp.
 19333 | Lair:4   | Got a polished cloak
 19344 | Lair:4   | Identified the cursed -1 cloak of Nihilism {rN++} (You found it on level 4 of the Lair of Beasts)
 19440 | Lair:5   | Reached skill level 14 in Spellcasting
 20491 | Lair:5   | Noticed a five-headed hydra
 20504 | Lair:5   | Killed a five-headed hydra
 20725 | Lair:6   | Reached XP level 13. HP: 76/76 MP: 37/37
 21719 | Lair:5   | Noticed Erica
 21724 | Lair:5   | Killed Erica
 21724 | Lair:5   | Received a gift from Sif Muna
 21725 | Lair:5   | Identified Sif Muna's Incunabulum of Igneous Attacks (Sif Muna gifted it to you on level 5 of the Lair of Beasts)
 22210 | Lair:6   | Noticed a four-headed hydra
 22220 | Lair:6   | Killed a four-headed hydra
 22225 | Lair:6   | Noticed a six-headed hydra
 22226 | Lair:6   | Killed a six-headed hydra
 24103 | Lair:6   | Found a viscous altar of Jiyva.
 24103 | Lair:6   | Found a staircase to the Slime Pits.
 24616 | Lair:8   | Entered Level 8 of the Lair of Beasts
 24764 | Lair:7   | HP: 3/77 [poisoned by a spiny frog]
 25106 | Lair:8   | Reached skill level 15 in Spellcasting
 25107 | Lair:8   | Slain by a spiny frog

Action                   |  1- 3 |  4- 6 |  7- 9 | 10-12 | 13-15 || total
-------------------------+-------+-------+-------+-------+-------++-------
Melee: Unarmed           |    13 |       |       |       |       ||    13
       Staff             |    12 |       |    15 |    15 |       ||    42
       Short sword       |       |    13 |    81 |       |       ||    94
 Cast: Magic Dart        |    67 |   156 |   269 |   246 |    76 ||   814
       Call Imp          |    19 |     2 |       |       |       ||    21
       Mephitic Cloud    |     2 |     7 |    32 |    14 |     2 ||    57
       Repel Missiles    |       |     2 |     1 |       |       ||     3
       Conjure Flame     |       |     8 |    17 |    38 |    24 ||    87
       Blink             |       |     5 |     1 |     4 |     5 ||    15
       Static Discharge  |       |       |    52 |   173 |    46 ||   271
       Fireball          |       |       |       |    69 |    69 ||   138
       Iskenderun's Batt |       |       |       |    24 |    17 ||    41
       Bolt of Fire      |       |       |       |     4 |    20 ||    24
Invok: Channel Energy    |       |       |       |    21 |    10 ||    31
Evoke: Wand              |       |       |       |     1 |       ||     1
  Use: Scroll            |     2 |     5 |    11 |    11 |     2 ||    31
       Potion            |       |       |       |       |     1 ||     1
 Stab: Sleeping          |       |     1 |       |       |       ||     1
       Confused          |       |       |     7 |     1 |       ||     8
  Eat: Chunk             |     2 |    10 |    18 |    34 |    15 ||    79
